 Dungeon Crawl Stone Soup version 0.25-a0-200-g5ba9614 (webtiles) character file.

Game seed: 16391086052059457166, levelgen mode: deterministic

3903 Bane the Blocker (level 10, -2/83 HPs)
             Began as a Formicid Fighter on Dec 1, 2019.
             Was a Priest of Okawaru.
             Slain by an orc knight
             ... wielding a +0 war axe
              (17 damage)
             ... in a bailey.
             The game lasted 00:21:02 (7110 turns).

Bane the Blocker (Formicid Fighter)                 Turns: 7110, Time: 00:21:03

Health: -2/83      AC: 15    Str: 24    XL:     10   Next: 43%
Magic:  10/10      EV: 10    Int:  8    God:    Okawaru [***...]
Gold:   441        SH: 12    Dex: 10    Spells: 9/9 levels left

rFire    . . .     SeeInvis +   a - +0 war axe
rCold    . . .     Gourm    .   c - +0 shield
rNeg     . . .     Faith    .   b - +0 scale mail
rPois    .         Spirit   .   (helmet unavailable)
rElec    .         Reflect  .   m - +2 cloak
rCorr    .         Harm     .   (no gloves)
MR       +....                  (no boots)
Stlth    ..........             (no amulet)
HPRegen  0.23/turn              q - +3 ring of slaying
MPRegen  0.12/turn              (no ring)

@: marked
A: permanent stasis, dig shafts and tunnels, four strong arms, antennae 3, icy
blue scales 1, thin metallic scales 1, MP-powered wands
a: Dig, Shaft Self, Heroism, Renounce Religion


You were in a bailey.
You worshipped Okawaru.
Okawaru was most pleased with you.
You were not hungry.

You visited 2 branches of the dungeon, and saw 9 of its levels.
You also visited: Bailey.

You collected 441 gold pieces.

Inventory:

Hand Weapons
 a - a +0 war axe (weapon)
Missiles
 y - 35 boomerangs (quivered)
Armour
 b - a +0 scale mail (worn)
 c - a +0 shield (worn)
 j - a scarf of spirit shield
 m - a +2 cloak (worn)
Jewellery
 q - a +3 ring of slaying (left hand)
 C - the amulet "Dauhalac" {Gourm rPois Int-2 Dex+2, unknown}
   (You found it on level 7 of the Dungeon)

   [amulet of the gourmand]

   It allows you to eat raw meat even when not hungry.
   It affects your intelligence (-2).
   It affects your dexterity (+2).
   It protects you from poison.
Scrolls
 e - 7 scrolls of teleportation {unknown}
 i - 7 scrolls of remove curse {unknown}
 l - a scroll of fear {unknown}
 n - 4 scrolls of enchant armour
 o - a scroll of random uselessness {unknown}
 r - 3 scrolls of amnesia {unknown}
 s - 3 scrolls of enchant weapon {unknown}
 t - 5 scrolls of identify
 v - 2 scrolls of blinking {unknown}
 x - 3 scrolls of noise {unknown}
Potions
 d - 3 potions of heal wounds {unknown}
 g - 4 potions of resistance
 h - 2 potions of haste {unknown}
 p - a potion of lignification {unknown}
 u - a potion of berserk rage {unknown}
 w - 3 potions of mutation
 z - a potion of curing {unknown}
 B - a potion of flight
Comestibles
 f - 11 rations
 k - a chunk of flesh


   Skills:
 * Level 9.1 Fighting
 * Level 7.9 Axes
 + Level 6.9 Armour
 * Level 9.8 Shields
 + Level 0.1 Invocations


You had 9 spell levels left.
You didn't know any spells.
Your spell library contained the following spells:

 Spells                   Type           Power        Failure   Level  Hunger
 Corona                   Hex            #......      67%         1    ##.....
 Flame Tongue             Conj/Fire      #....        67%         1    ##.....
 Magic Dart               Conj           #...         67%         1    ##.....
 Sandblast                Erth           #.....       67%         1    ##.....
 Ensorcelled Hibernation  Hex/Ice        #.....       82%         2    ###....
 Passwall                 Tmut/Erth      #.......     82%         2    ###....
 Searing Ray              Conj           #.....       82%         2    ###....
 Throw Flame              Conj/Fire      #.....       82%         2    ###....
 Confuse                  Hex            #.......     96%         3    ####...
 Conjure Flame            Conj/Fire      #.......     96%         3    ####...
 Dazzling Spray           Conj/Hex       #.....       96%         3    ####...
 Inner Flame              Hex/Fire       #.......     96%         3    ####...
 Stone Arrow              Conj/Erth      #.....       96%         3    ####...
 Tukima's Dance           Hex            #.......     96%         3    ####...
 Force Lance              Conj/Tloc      #.......     100%        4    #####..
 Fulminant Prism          Conj/Hex       #.........   100%        4    #####..
 Iskenderun's Mystic Bla  Conj           #.......     100%        4    #####..
 Petrify                  Tmut/Erth      #.......     100%        4    #####..
 Sticky Flame             Conj/Fire      #.......     100%        4    #####..
 Fireball                 Conj/Fire      #.........   100%        5    ######.
 Lee's Rapid Deconstruct  Erth           #.........   100%        5    ######.


Dungeon Overview and Level Annotations

Branches:
Dungeon (8/15)             Temple (1/1) D:6          Bailey (1/1)
   Lair: D:8-11

Altars:
Ashenzari
Cheibriados
Dithmenos
Elyvilon
Fedhas
Gozag
Hepliaklqana
Kikubaaqudgha
Makhleb
Nemelex Xobeh
Okawaru
Qazlal
Ru
Sif Muna
Trog
Uskayaw
Vehumet
Wu Jian
Xom
The Shining One

Annotations:
D:4 3 runed translucent doors, ptrx2's ghost, amateur TrMo


Innate Abilities, Weirdness & Mutations

You cannot be hasted, slowed, berserked, paralysed or teleported.
You can dig through walls and to a lower floor.
Your four strong arms can wield two-handed weapons with a shield.
You have a pair of large antennae on your head. (SInv)
You are partially covered in icy blue scales. (AC +2)
You are partially covered in thin metallic scales. (AC +2)
You expend magic power (3 MP) to strengthen your wands.


Message History

You block the orc knight's attack.
You completely miss the orc knight.
The orc knight is severely wounded.
The orc knight hits you with a +0 war axe.
You hit the orc knight.
The orc knight is severely wounded.
You barely miss the orc knight.
The orc knight is severely wounded.
You block the orc knight's attack.
You slash the orc knight!
The orc knight is almost dead.
The orc knight hits you with a +0 war axe!
* * * LOW HITPOINT WARNING * * *
You closely miss the orc knight.
The orc knight is severely wounded.
You block the orc knight's attack.
You closely miss the orc knight.
The orc knight is severely wounded.
The orc knight hits you with a +0 war axe!
You die...

####......∩..##
####.............#
###........≈≈≈≈≈≈≈≈≈##
##.......≈≈≈≈≈≈≈≈≈≈≈≈≈≈##
##.......≈≈≈≈#########≈≈≈≈###
###....≈≈≈≈≈≈≈∩#..Koog.#∩≈≈≈≈≈##
#≈≈≈≈≈≈≈≈≈÷)####..oK.g.####≈≈≈≈≈
≈≈≈≈≈≈≈≈)...)#..####'####
.#.≈≈≈≈ ≈≈≈≈#.....)###..@o.....^
.###.≈≈ ######...).#.'..####'###
#..≈ #.......###.)# #...
#.....⌠.)..#[[# { #...
##........)#'## ######..#
##........().#########.......#
####.....(.................##
#############.###########
#..#....#...##


You could see an orc knight.

Vanquished Creatures
  2 orc knights (Bailey)
  A water moccasin (D:6)
  An ice beast (D:5)
  3 orc warriors (Bailey)
  2 sky beasts
  2 phantoms
  3 ogres
  4 bullfrogs
  A big kobold (D:7)
  A wyvern zombie (D:6)
  2 scorpions
  10 killer bees (D:7)
  A water moccasin skeleton (D:4)
  2 crimson imps (D:7)
  A quasit (D:6)
  A centaur zombie (D:5)
  Crazy Yiuf (D:2)
  2 hounds (D:5)
  A jelly (D:6)
  A bullfrog skeleton (D:4)
  An orc priest (D:4)
  2 centaur skeletons
  3 iguanas
  3 worker ants
  3 orc wizards (D:4)
  2 hound skeletons (D:5)
  A worker ant zombie (D:6)
  A mummy (D:4)
  8 gnolls
  14 adders
  A shadow imp (D:5)
  3 adder skeletons
  A worm (D:2)
  4 dart slugs
  5 leopard geckos
  10 orcs
  A ball python (D:5)
  8 bats
  4 giant cockroaches
  13 goblins
  9 hobgoblins
  17 jackals
  21 kobolds
  5 quokkas
  5 frilled lizards
  13 rats
200 creatures vanquished.

Notes
Turn   | Place    | Note
-------+----------+-------------------------------------------
     0 | D:1      | Bane the Formicid Fighter began the quest for the Orb.
     0 | D:1      | Reached XP level 1. HP: 18/18 MP: 1/1
    87 | D:1      | Reached XP level 2. HP: 24/24 MP: 2/2
   286 | D:1      | Reached XP level 3. HP: 10/30 MP: 3/3
   787 | D:2      | Noticed a bullfrog
   797 | D:2      | Killed a bullfrog
   797 | D:2      | Reached XP level 4. HP: 17/37 MP: 2/4
   797 | D:2      | Reached XP level 5. HP: 19/42 MP: 2/5
   901 | D:2      | Found an opulent altar of Gozag.
   903 | D:2      | Found a shimmering blue altar of Sif Muna.
   944 | D:2      | Gained mutation: You are partially covered in icy blue
                  | scales. (AC +2) [potion of mutation]
   944 | D:2      | Gained mutation: You expend magic power (3 MP) to
                  | strengthen your wands. [potion of mutation]
   944 | D:2      | Gained mutation: You are partially covered in thin metallic
                  | scales. (AC +2) [potion of mutation]
  1248 | D:2      | Found a faded altar of an unknown god.
  1460 | D:2      | Found a runed translucent door.
  1461 | D:2      | Noticed Crazy Yiuf
  1472 | D:2      | Killed Crazy Yiuf
  1472 | D:2      | Reached skill level 5 in Shields
  1565 | D:3      | Reached XP level 6. HP: 29/49 MP: 6/6
  2021 | D:3      | Reached skill level 5 in Fighting
  2056 | D:3      | Found an ancient bone altar of Kikubaaqudgha.
  2058 | D:3      | Found a white marble altar of Elyvilon.
  2065 | D:3      | Found a bloodstained altar of Trog.
  2069 | D:3      | Found a shattered altar of Ashenzari.
  2123 | D:3      | Found a burning altar of Makhleb.
  2148 | D:3      | Reached XP level 7. HP: 56/56 MP: 7/7
  2631 | D:4      | Found a runed translucent gate.
  2631 | D:4      | Found an opulent altar of Gozag.
  2632 | D:4      | Found a runed translucent gate.
  2633 | D:4      | Found a runed translucent gate.
  2634 | D:4      | Noticed ptrx2's ghost (amateur TrMo)
  2720 | D:4      | HP: 2/56 [orc priest/nerve-wracking pain (2)]
  2725 | D:5      | Entered Level 5 of the Dungeon
  2729 | D:5      | HP: 1/56 [leopard gecko (3)]
  3864 | D:5      | Reached XP level 8. HP: 64/64 MP: 8/8
  4196 | D:5      | You fall into a shaft and drop 1 floor!
  4309 | D:5      | Reached skill level 5 in Axes
  4314 | D:5      | Reached skill level 5 in Armour
  4799 | D:6      | Found a staircase to the Ecumenical Temple.
  4809 | Temple   | Entered the Ecumenical Temple
  5008 | Temple   | Became a worshipper of Warmaster Okawaru
  5106 | D:6      | Reached XP level 9. HP: 72/72 MP: 9/9
  5245 | D:6      | Reached * piety under Okawaru
  5716 | D:7      | Reached ** piety under Okawaru
  6168 | D:7      | Got a wavering diamond amulet
  6340 | D:8      | Reached XP level 10. HP: 79/82 MP: 10/10
  6379 | D:8      | Found a flagged portal.
  6409 | Bailey   | Entered a bailey
  6415 | Bailey   | Noticed an orc knight
  6496 | Bailey   | Noticed an orc knight
  6496 | Bailey   | Noticed an orc knight
  6606 | Bailey   | Killed an orc knight
  6870 | Bailey   | Killed an orc knight
  6870 | Bailey   | Reached *** piety under Okawaru
  7110 | Bailey   | Slain by an orc knight

Levels and vault maps discovered:
D:1:      dpeg_arrival_central, layout_basic
D:2:      layout_rooms, chequers_temple_overflow_statue_of_worship,
          first_ration, chequers_ecumenical_altar_simple_redux,
          uniq_crazy_yiuf_cottage
D:3:      layout_loops_ring, minitemple, makhleb_altar_promises_db,
          minmay_stone_trees_small
D:4:      layout_loops_corners, gup_ossuary_entry_pyramid, ebering_ghost_gozag
D:5:      layout_basic, minivault_14
D:6:      layout_gridville, minmay_temple_entry_mist
D:7:      layout_rooms
D:8:      layout_basic, old_standard_altar, enter_bailey_8, the_bakery
Temple:   nicolae_temple_figure_eight
Bailey:   bailey_axe_4, bailey

Skill      XL: |  1  2  3  4  5  6  7  8  9 10 |
---------------+-------------------------------+-----
Shields        | 4 5 6 7 9 |  9.8
Fighting       | 4 5 7 8 9 |  9.1
Axes           | 3 4 5 7 |  7.9
Armour         | 4 5 6 |  6.9
Invocations    | |  0.1

Action                   |  1- 3 |  4- 6 |  7- 9 | 10-12 || total
-------------------------+-------+-------+-------+-------++-------
Melee: War axe           |    76 |   174 |   369 |    58 ||   677
Throw: Boomerang         |       |       |       |   136 ||   136
Invok: Heroism           |       |       |     1 |     2 ||     3
 Abil: Dig               |       |     1 |     1 |     1 ||     3
  Use: Potion            |       |     5 |       |     3 ||     8
       Scroll            |       |     2 |       |     1 ||     3
  Eat: Chunk             |       |     4 |    11 |     3 ||    18
       Ration            |       |       |     1 |       ||     1
Armor: Scale mail        |    42 |    98 |   168 |    10 ||   318
Dodge: Dodged            |    27 |    72 |   140 |    19 ||   258
Block: Shield            |    52 |   110 |   225 |    57 ||   444

Table legend:
 A = Non-vault XP
 B = Vault XP
 C = Vault XP percentage of total XP
 D = Non-vault monster count
 E = Vault monster count
 F = Vault count percentage of total count
                 A         B        C        D         E       F
            +---------+---------+-------+---------+---------+-------
      Total |    3876 |    1701 |  30.5 |     172 |      28 |  14.0
            +---------+---------+-------+---------+---------+-------
        D:1 |      48 |       0 |   0.0 |      28 |       0 |   0.0
        D:2 |     178 |      42 |  19.1 |      28 |       1 |   3.4
        D:3 |     295 |       0 |   0.0 |      39 |       0 |   0.0
        D:4 |     285 |      16 |   5.3 |      14 |       1 |   6.7
        D:5 |     644 |       0 |   0.0 |      21 |       0 |   0.0
        D:6 |     984 |       0 |   0.0 |      14 |       0 |   0.0
        D:7 |    1321 |       0 |   0.0 |      27 |       0 |   0.0
        D:8 |     121 |       0 |   0.0 |       1 |       0 |   0.0
     Bailey |       0 |    1643 | 100.0 |       0 |      26 | 100.0
            +---------+---------+-------+---------+---------+-------
